Cogmind - Beta 10 @@@ ROGUE MODE // 2020.09.19 @ 01:32:11 Player: MC HELL Result: Destroyed by S-10 Pest with Light Assault Rifle Performance ------------- Evolutions (0) 0 Regions Visited (1) 200 Robots Destroyed (4) 20 Value Destroyed (92) 92 Prototype IDs (0) 0 Alien Tech Used (0) 0 Bonus (0) 0 TOTAL SCORE: 312 Bonus ------- None Cogmind --------- Core Integrity 0/250 Matter 290/300 Energy 82/100 System Corruption 0% Temperature Cool (7) Movement Core (250) Ox4 Location -10/Materials Parts ------- > --- POWER (1) -------- (None) > --- PROPULSION (2) --- (None) > --- UTILITY (2) ------ Small Storage Unit Field Recycling Unit > --- WEAPON (2) ------- Small Laser > --- INVENTORY (6) ---- Aluminum Leg Aluminum Leg Medium Battery (200) Large Matter Pod (150) Peak State ------------ > --- POWER ------------ Ion Engine > --- PROPULSION ------- Light Treads Light Treads > --- UTILITY ---------- Small Storage Unit Field Recycling Unit > --- WEAPON ----------- Spread Laser Particle Cannon > --- INVENTORY -------- Ion Engine Aluminum Leg Aluminum Leg Medium Battery Large Matter Pod Datajack [Rating: 10] Favorites ----------- Power Ion Engine Engine Ion Engine Propulsion Light Treads Treads Light Treads Leg Aluminum Leg Utility Small Storage Unit Device Field Recycling Unit Storage Small Storage Unit Weapon Medium Laser Energy Gun Medium Laser Energy Cannon Particle Cannon Ballistic Gun Light Assault Rifle Special Melee Weapon Datajack Build | -11 -10 ------- Run | Scr Mat Slots Evolved . | . . Power . | . . Propulsion . | . . Utility . | . . Weapon . | . . Parts Attached 15 | 7 8 Power 2 | 1 1 Engine 2 | 1 1 Core . | . . Reactor . | . . Propulsion 3 | 3 . Treads 2 | 2 . Leg 1 | 1 . Wheel . | . . Hover . | . . Flight . | . . Utility 3 | 1 2 Device 1 | . 1 Storage 2 | 1 1 Processor . | . . Hackware . | . . Protection . | . . Artifact . | . . Weapon 7 | 2 5 Energy Gun 4 | 1 3 Energy Cannon 1 | . 1 Ballistic Gun 1 | 1 . Ballistic Cannon . | . . Launcher . | . . Special Weapon . | . . Impact Weapon . | . . Slashing Weapon . | . . Piercing Weapon . | . . Special Melee Weapon 1 | . 1 Unidentified Prototypes . | . . Parts Lost 7 | . 7 Power 2 | . 2 Propulsion 2 | . 2 Utility . | . . Weapon 3 | . 3 Highest Loss Streak 7 | . 7 Average Slot Usage (%) 88 | . 88 Engine 13 | . 13 Treads 26 | . 26 Device 4 | . 4 Storage 17 | . 17 Energy Gun 12 | . 12 Energy Cannon 3 | . 3 Ballistic Gun 9 | . 9 Naked Turns . | . . Heaviest Build 24 | 12 24 Greatest Support 40 | 40 40 Greatest Overweight (x) 3 | 1 3 Average Overweight (x) . | . . Largest Inventory Capacity 6 | 6 6 Average Capacity 5 | 5 6 Most Carried 6 | 6 6 Average Carried 5 | 4 5 Final Capacity 6 | 6 6 Final Carried 6 | 6 4 Class Distribution -------------------- 100% | Mutant Dominant Class ---------------- Mutant | -10/Materials Resources | -11 -10 ----------- Run | Scr Mat Matter Collected 432 | 200 232 Remotely . | . . Salvage Created 118 | . 118 Parts 5 | . 5 Haulers Intercepted . | . . Recyclers Shooed . | . . Parts Field Recycled 2 | . 2 Retrieved Matter 8 | . 8 Parts Self-Destructed . | . . Prevented . | . . Kills | -11 -10 ------- Run | Scr Mat Combat Hostiles Destroyed 3 | . 3 Guns 3 | . 3 Classes Destroyed 3 | . 3 Worker 1 | . 1 Swarmer 1 | . 1 Grunt 2 | . 2 Best Kill Streak 3 | . 3 Combat Bots Only 2 | . 2 Max Kills in Single Turn 2 | . 2 Gunslinging . | . . Exploded . | . . Melee . | . . Uniques/NPCs Destroyed . | . . Combat | -11 -10 -------- Run | Scr Mat Damage Taken 1071 | . 1071 Core 251 | . 251 Absorbed by Shields . | . . Core Remaining (%) 100 | 100 . Volleys Fired 18 | . 18 Largest 2 | . 2 Hottest 133 | . 133 Shots Fired 34 | . 34 Gun 27 | . 27 Cannon 7 | . 7 Launcher . | . . Special . | . . Kinetic 10 | . 10 Thermal 24 | . 24 Explosive . | . . Electromagnetic . | . . Robot Hit Streak 7 | . 7 Robot Miss Streak 6 | . 6 Penetration Max . | . . Secondary Targets . | . . Shots Hit Robots 22 | . 22 Core Hits 15 | . 15 Critical Hits . | . . Critical Kills . | . . Critical Parts Destroyed . | . . Melee Attacks 2 | . 2 Impact . | . . Slashing . | . . Piercing . | . . Sneak Attacks . | . . Combat Hostiles . | . . Follow-up Attacks . | . . Damage Inflicted 217 | . 217 Guns 145 | . 145 Cannons 63 | . 63 Explosions . | . . Melee . | . . Ramming 9 | . 9 Kinetic 26 | . 26 Thermal 182 | . 182 Explosive . | . . Electromagnetic . | . . Impact . | . . Slashing . | . . Piercing . | . . Highest Corruption . | . . Average Corruption . | . . Corruption Purged . | . . Overload Shots . | . . Overflow Damage . | . . Projectiles . | . . Explosions . | . . Melee . | . . Knockbacks . | . . Impact . | . . Kinetic . | . . Secondary . | . . Self-Inflicted Damage . | . . Shots . | . . Rammed 8 | . 8 Targets Rammed 8 | . 8 Kicked . | . . Crushed . | . . Highest Temperature 232 | . 232 Average Temperature 112 | . 112 Received Heat Transfer 321 | . 321 Effects 2 | . 2 Interference 2 | . 2 Siege Activations . | . . Robots Corrupted . | . . Combat Hostiles . | . . Parts Fried . | . . Impact Corruptions . | . . Robots Melted . | . . Combat Hostiles . | . . Parts Melted . | . . Heat Transferred 359 | . 359 Parts Sabotaged . | . . Parts Stolen . | . . Parts Stripped . | . . Power Chain Reactions . | . . Missiles Intercepted . | . . Alert | -11 -10 ------- Run | Scr Mat Peak Influence 72 | . 72 Initial . | . . Average 21 | . 26 Maximum Alert Level . | . . Low Security (%) 100 | 100 100 Level 1 . | . . Level 2 . | . . Level 3 . | . . Level 4 . | . . Level 5 . | . . High Security . | . . Max Security . | . . Squads Dispatched 2 | . 2 Investigation 2 | . 2 Extermination . | . . Reinforcement . | . . Assault . | . . Garrison . | . . Intercept . | . . Construction Impeded . | . . Haulers Reinforced . | . . Stealth | -11 -10 --------- Run | Scr Mat Distress Signals . | . . Communications Jammed . | . . Distress Signals . | . . Times Spotted 8 | . 8 Peak Tracking Total 6 | . 6 Tactical Retreats . | . . Traps | -11 -10 ------- Run | Scr Mat Traps Triggered 1 | . 1 Indirectly . | . . Trap Hack Attempts . | . . Triggered . | . . Disarmed . | . . Reprogrammed . | . . Reused . | . . Traps Extracted . | . . Installed . | . . Triggered . | . . Machines | -11 -10 ---------- Run | Scr Mat Machines Disabled . | . . Max in Single Turn . | . . Machines Sabotaged . | . . Garrisons Compromised . | . . Overloaded Fab Kills . | . . Fab Network Shutdowns . | . . Hacking | -11 -10 --------- Run | Scr Mat Machines Accessed 4 | . 4 Terminals 3 | . 3 Fabricators . | . . Repair Stations . | . . Recycling Units 1 | . 1 Scanalyzers . | . . Garrison Access . | . . Total Hacks 13 | . 13 Successful 9 | . 9 Failed 4 | . 4 Catastrophic . | . . Database Lockouts . | . . Manual . | . . Terminals 11 | . 11 Fabricators . | . . Repair Stations . | . . Recycling Units 2 | . 2 Scanalyzers . | . . Garrison Access . | . . Terminal Hacks 7 | . 7 Record 4 | . 4 Robot Analysis 1 | . 1 Alert Level 1 | . 1 Locate Traps 1 | . 1 Fabricator Hacks . | . . Repair Station Hacks . | . . Recycling Unit Hacks 2 | . 2 Report Inventory 1 | . 1 Retrieve Components 1 | . 1 Scanalyzer . | . . Garrison Access Hacks . | . . Unauthorized Hacks . | . . Terminals . | . . Fabricators . | . . Repair Stations . | . . Recycling Units . | . . Scanalyzers . | . . Garrison Access . | . . Data Cores Recovered . | . . Used . | . . Hacking Detections 3 | . 3 Full Trace Events 1 | . 1 Feedback Events . | . . Feedback Blocked . | . . Robot Schematics Acquired . | . . Robots Built . | . . Matter . | . . Time . | . . Total Robot Build Rating . | . . Part Schematics Acquired . | . . Parts Built . | . . Matter . | . . Time . | . . Total Part Build Rating . | . . Parts Repaired . | . . Time . | . . Parts Recycled . | . . Recycled Matter . | . . Retrieved Matter . | . . Retrieved Components 3 | . 3 Parts Scanalyzed . | . . Part Schematics Acquired . | . . Parts Damaged . | . . Bothacking | -11 -10 ------------ Run | Scr Mat Used RIF Installer . | . . Robots Hacked 1 | . 1 Non-combat . | . . Combat 1 | . 1 Robot Hacks Applied 2 | . 2 parse_system 2 | . 2 Relay Couplers Released . | . . Robots Rewired . | . . Allies Hacked . | . . Hacks Repelled . | . . Allies | -11 -10 -------- Run | Scr Mat Total Allies . | . . Largest Group . | . . Highest-Rated Group . | . . Highest-Rated Ally . | . . Total Orders . | . . Ally Attacks . | . . Total Damage . | . . Kills . | . . Allies Corrupted . | . . Allies Melted . | . . Intel | -11 -10 ------- Run | Scr Mat Robot Analysis Total 1 | . 1 Derelict Logs Recovered . | . . Drone Launches . | . . Drone Recoveries . | . . Exploration | -11 -10 ------------- Run | Scr Mat Turns Passed 412 | 72 340 Spaces Moved 199 | 42 157 Core 9 | 8 1 Treads 183 | 27 156 Legs 7 | 7 . Wheels . | . . Hover . | . . Flight . | . . Fastest Speed 50 | 50 160 Average Speed 154 | 133 160 Slowest Speed 200 | 160 200 Overloaded Moves . | . . Propulsion Burnouts . | . . Robots Hopped . | . . Cave-ins Triggered . | . . Exploration Rate (%) 15 | 3 27 Regions Visited 1 Branch Regions . Pre-discovered Areas . | . . Known Exits Taken . | . . Unknown Exits Taken 1 | 1 . Scrap Searched . | . . Spaces Dug . | . . Terrain Destroyed . | . . Melee . | . . Projectile . | . . AOE . | . . Terrain Rammed . | . . Walls Destroyed . | . . Machines Disabled . | . . Actions | -11 -10 --------- Run | Scr Mat Total 260 | 55 205 Wait . | . . Move 198 | 41 157 Hop . | . . Pick Up 12 | 7 5 Fast Attach 7 | 5 2 Attach 4 | 1 3 Detach . | . . Swap 4 | 1 3 Drop 7 | . 7 Fire 18 | . 18 Melee 2 | . 2 Ram 3 | . 3 Kick . | . . Crush 5 | . 5 Escape Stasis . | . . Rewire . | . . Trap . | . . Miscellaneous . | . . Route ------- -11/Scrapyard -10/Materials (discovered 1 exit: [*Mat]) History --------- Turn | Location | Event 5 | -11/Scrapyard | Discovered new exit (range 15) 73 | -11/Scrapyard | Entered Materials 322 | -10/Materials | Build established: Mutant 342 | -10/Materials | Discovered new exit (range 15) 393 | -10/Materials | Core integrity fell below 50% 410 | -10/Materials | Core integrity fell below 20% 413 | -10/Materials | Destroyed by S-10 Pest with Light Assault Rifle Last Messages --------------- Spread Laser destroyed. Slammed into G-34 Mercenary. Particle Cannon destroyed. Slammed into G-34 Mercenary. Jacked G-34 Mercenary... >>parse_system Reading system data... Jacked G-34 Mercenary... Command string: disrupt_area >>parse_system Reading system data... R-06 Scavenger collects Lgt. Assault Rifle. Lgt. Treads destroyed. Datajack destroyed. Slammed into G-34 Mercenary. Lgt. Treads destroyed. R-06 Scavenger collects Aluminum Leg. Slammed into G-34 Mercenary. Ion Engine destroyed. Acquired Sml. Laser. Map ----- +----------------------------------------------------+ | ???????????# #????????????? | | ???????????# #????????????? | | ????########+##???????????? | | ????# #???????????? | | ????# #???????????? | | ????# #???????????? | | ????# #???????????? | | ????# #???????????? | | ????# """ """ +???????????? | | ????# """ """ #???????????? | | ????# """ """ #???????????? | | ????#####+#####???????????? | | ???????# #####??????????? | | ???????# +??????????? | | ???????# #####??????????? | | ######## #??????????????? | | # ## #??????????????? | | # ## #??????????????? | | # """ ## ##?????????????? | | # """ # #######???????? | | # """ # ???? | | # + ??? | | # """ # ???? | | # """ # ######T####???? | | #g""" ## ##?????????????? | | # @g% ## #??????????????? | | # ss ## #??????????????? | | # = ## +??????????????? | | ######## #??????????????? | | ???????# < #??????????????? | | ???????# #??????????????? | | ????????####??????????????? | | ??????????????????????????? | | ??????????????????????????? | | ??????????????????????????? | | ??????????????????????????? | | ??????????????????????????? | | ??????????????????????????? | | | | | | | | | | | | | | | | | | | | | | | | | +----------------------------------------------------+ Best States ------------- Heat Dissipation 25 Energy Generation 10 Energy Capacity 250 Matter Stores 408 Matter Capacity 450 Sight Range 16 Terrain Scan Density 10 Evasion (%) 50 Recoil Reduction 2 Item Schematics ----------------- None Robot Schematics ------------------ None Fabricated ------------ Nothing Alien Tech Used ----------------- None Achievements -------------- None Challenges ------------ None Game ------ Seed GravitonWaveBuckler Manual? 0 Play Time 00:12:44 Cumulative 3.3 hours Start 2020.09.19 @ 01:20:07 End 2020.09.19 @ 01:32:11 Sessions 1 Manual Loads 0 Difficulty Rogue Special Mode None Game No. 9 Rogue 9 Adventurer 0 Explorer 0 Win Type - Total 0 Types 0/0/0/0/0/0/0/0/0 Lore% 2 Gallery% 9 Achievement% 7 Wizard Run 0 Options --------- ASCII 0 Keyboard 0 Movement Mouse Keybinds 0 Fullscreen 1 Font 24/Smallcaps Map View 76x50 Tactical HUD 0 Map Filters NONE Filters NONE Steam 1 RUN: bbe0793a-2ce6-4a51-a973-829ed74e10e1